ITL
CHATTANOOGA CHINPOKOMON @ PORTLAND PRIVATEERS
09/19/2028
 
TOP OF THE 1ST
Chattanooga Chinpokomon batting - Pitching for Portland Privateers : RHP Cade Baird
Pitching: RHP Cade Baird
Batting: RHB Ben Barker 0-0: Called Strike
0-1: Fly out, F7 (Flyball, 7)
Batting: RHB Jeffrey Hicks 0-0: Called Strike
0-1: Called Strike
0-2: Ball
1-2: Ball
2-2: Ball
3-2: Base on Balls
Batting: RHB Ramiro Chávez 0-0: Called Strike
0-1: Ball
1-1: Ball
2-1: Foul Ball, location: 2F
2-2: Foul Ball, location: 2F
2-2: Fielders Choice at 2nd, 6-4 (Groundball, 6)
Batting: RHB Luis Antonio Velásquez 0-0: Ball
1-0: Ball
2-0: Ball
3-0: Called Strike
3-1: Fly out, F9 (Line Drive, 89S)
Top of the 1st over - 0 run(s), 0 hit(s), 0 error(s), 1 left on base; Chattanooga 0 - Portland 0
BOTTOM OF THE 1ST
Portland Privateers batting - Pitching for Chattanooga Chinpokomon : LHP Ed Stevens
Pitching: LHP Ed Stevens
Batting: SHB Patrick Larson 0-0: SINGLE (Groundball, 4D)
Batting: RHB Joe Bailey 0-0: Called Strike
0-1: Ball
1-1: Swinging Strike
1-2: Fly out, F4 (Popup, 4MD)
Batting: LHB Carter Sweet 0-0: Grounds into double play, 1-6-3 (Groundball, P)
Bottom of the 1st over - 0 run(s), 1 hit(s), 0 error(s), 0 left on base; Chattanooga 0 - Portland 0
TOP OF THE 2ND
Chattanooga Chinpokomon batting - Pitching for Portland Privateers : RHP Cade Baird
Batting: RHB Irving Galloway 0-0: Ball
1-0: Called Strike
1-1: Foul Ball, location: 2F
1-2: Ball
2-2: Ground out 6-3 (Groundball, 56)
Batting: RHB Luis Maldonado 0-0: Ball
1-0: Ball
2-0: Ball
3-0: Base on Balls
Batting: RHB Kyung-bok Cho 0-0: Swinging Strike
0-1: Ball
1-1: SINGLE (Groundball, 56S) (infield hit)
Luis Maldonado to second
Batting: RHB José Martínez 0-0: Ground out 4-3 (Groundball, 4S)
Luis Maldonado to third
Kyung-bok Cho to second
Batting: LHB Martin Davis 0-0: Swinging Strike
0-1: Ball
1-1: Ball
2-1: Ball
3-1: Foul Ball, location: 2F
3-2: Base on Balls
Batting: RHB Ben Barker 0-0: Ball
1-0: Fly out, F9 (Flyball, 9LMF)
Top of the 2nd over - 0 run(s), 1 hit(s), 0 error(s), 3 left on base; Chattanooga 0 - Portland 0
BOTTOM OF THE 2ND
Portland Privateers batting - Pitching for Chattanooga Chinpokomon : LHP Ed Stevens
Batting: SHB Eric Pimentel 0-0: Called Strike
0-1: Ball
1-1: Swinging Strike
1-2: Fly out, F8 (Flyball, 8LD)
Batting: RHB Carlos Castro 0-0: Ball
1-0: Ball
2-0: Ball
3-0: Base on Balls
Batting: RHB José Balina 0-0: SINGLE (Groundball, 6M) (infield hit)
Carlos Castro to second
Batting: SHB Cory Campbell 0-0: Called Strike
0-1: Fielders Choice at 2nd, 3-6 (Groundball, 34)
Carlos Castro to third
Batting: LHB Domingo Ledesma 0-0: Called Strike
0-1: Ball
1-1: Reached via error on a dropped throw, E1
Carlos Castro scores
Cory Campbell to second
Batting: LHB Pedro Padilla 0-0: Ball
1-0: Called Strike
1-1: Called Strike
1-2: Ground out 4-3 (Groundball, 4S)
Bottom of the 2nd over - 1 run(s), 1 hit(s), 1 error(s), 2 left on base; Chattanooga 0 - Portland 1
TOP OF THE 3RD
Chattanooga Chinpokomon batting - Pitching for Portland Privateers : RHP Cade Baird
Batting: RHB Jeffrey Hicks 0-0: Called Strike
0-1: Ball
1-1: Ball
2-1: Swinging Strike
2-2: Ball
3-2: Foul Ball, location: 2F
3-2: Base on Balls
Batting: RHB Ramiro Chávez 0-0: Swinging Strike
0-1: Ball
Jeffrey Hicks steals 2nd base
1-1: Swinging Strike
1-2: Ball
2-2: 2-RUN HOME RUN (Flyball, 7LD), Distance : 327 ft
Batting: RHB Luis Antonio Velásquez 0-0: Ball
1-0: Ball
2-0: SINGLE (Groundball, 4MD)
Batting: RHB Irving Galloway 0-0: Called Strike
0-1: Foul Ball, location: 2F
0-2: Ball
1-2: Reached on error, E3 (Popup, 34S)
Luis Antonio Velásquez to second
Batting: RHB Luis Maldonado 0-0: SINGLE (Groundball, 56D)
Luis Antonio Velásquez to third
Irving Galloway to second
Runner from 3rd tries for Home, SAFE, throw made home
Irving Galloway to third
Luis Maldonado to second
Batting: RHB Kyung-bok Cho Balk!
Irving Galloway scores
Luis Maldonado to third
0-0: SINGLE (Groundball, 4MD)
Luis Maldonado scores
Batting: RHB José Martínez 0-0: Ball
1-0: Ball
2-0: Ball
3-0: Called Strike
3-1: Foul Ball, location: 2F
3-2: Strikes out swinging
Batting: LHB Martin Davis 0-0: Foul Ball, location: 2F
0-1: Called Strike
Kyung-bok Cho steals 2nd base
0-2: Ball
1-2: Ball
2-2: SINGLE (Groundball, 34D)
Kyung-bok Cho to third
Runner from 3rd tries for Home, SAFE, throw made home
Martin Davis to second
Batting: RHB Ben Barker 0-0: Ball
1-0: Ball
2-0: Called Strike
2-1: Foul Ball, location: 2F
2-2: Foul Ball, location: 2F
2-2: Strikes out looking
Batting: RHB Jeffrey Hicks 0-0: Foul Ball, location: 2F
0-1: Ground out 6-3 (Groundball, 6MS)
Top of the 3rd over - 6 run(s), 5 hit(s), 1 error(s), 1 left on base; Chattanooga 6 - Portland 1
BOTTOM OF THE 3RD
Portland Privateers batting - Pitching for Chattanooga Chinpokomon : LHP Ed Stevens
Batting: SHB Patrick Larson 0-0: Ball
1-0: Swinging Strike
1-1: Ball
2-1: Called Strike
2-2: Foul Ball, location: 2F
2-2: Ground out 6-3 (Groundball, 6)
Batting: RHB Joe Bailey 0-0: Ball
1-0: Ball
2-0: DOUBLE (Groundball, 3L)
Batting: LHB Carter Sweet 0-0: Swinging Strike
0-1: Called Strike
0-2: Strikes out swinging
Batting: SHB Eric Pimentel 0-0: Ball
1-0: Ball
2-0: SINGLE (Line Drive, 8RS)
Joe Bailey to third
Runner from 3rd tries for Home, SAFE, no throw
Batting: RHB Carlos Castro Pickoff Throw to First - Out!
Bottom of the 3rd over - 1 run(s), 2 hit(s), 0 error(s), 0 left on base; Chattanooga 6 - Portland 2
TOP OF THE 4TH
Chattanooga Chinpokomon batting - Pitching for Portland Privateers : RHP Cade Baird
Batting: RHB Ramiro Chávez 0-0: Foul Ball, location: 2F
0-1: Ball
1-1: Ball
2-1: Swinging Strike
2-2: Strikes out swinging
Batting: RHB Luis Antonio Velásquez 0-0: Ball
1-0: Called Strike
1-1: Foul Ball, location: 2F
1-2: Foul Ball, location: 2F
1-2: Foul Ball, location: 2F
1-2: Reached on error, E6 (Groundball, 6)
Pitching: RHP José García
Batting: RHB Irving Galloway 0-0: Ball
1-0: Called Strike
1-1: Ball
2-1: Swinging Strike
2-2: Strikes out looking
Batting: RHB Luis Maldonado 0-0: Swinging Strike
0-1: Ground out 6-3 (Groundball, 6)
Top of the 4th over - 0 run(s), 0 hit(s), 1 error(s), 1 left on base; Chattanooga 6 - Portland 2
BOTTOM OF THE 4TH
Portland Privateers batting - Pitching for Chattanooga Chinpokomon : LHP Ed Stevens
Batting: RHB Carlos Castro 0-0: Ball
1-0: Ball
2-0: Called Strike
2-1: Foul Ball, location: 2F
2-2: Ball
3-2: Ground out 5-3 (Groundball, 56)
Batting: RHB José Balina 0-0: Ball
1-0: Ball
2-0: Ball
3-0: Base on Balls
Batting: SHB Cory Campbell 0-0: Ball
1-0: Ball
2-0: Swinging Strike
2-1: Called Strike
2-2: Ground out 5-3 (Groundball, 56S)
José Balina to second
Batting: LHB Domingo Ledesma 0-0: Ball
1-0: Fly out, F7 (Flyball, 7S)
Bottom of the 4th over - 0 run(s), 0 hit(s), 0 error(s), 1 left on base; Chattanooga 6 - Portland 2
TOP OF THE 5TH
Chattanooga Chinpokomon batting - Pitching for Portland Privateers : RHP José García
Batting: RHB Kyung-bok Cho 0-0: Called Strike
0-1: Ball
1-1: Ball
2-1: Ground out 1-3 (Groundball, 13S)
Batting: RHB José Martínez 0-0: Ball
1-0: Ground out 3-1 (Groundball, 34S)
Batting: LHB Martin Davis 0-0: Ball
1-0: Foul Ball, location: 2F
1-1: SINGLE (Groundball, 4MD)
Batting: RHB Ben Barker 0-0: Ball
1-0: Ball
2-0: Ball
3-0: Called Strike
3-1: SINGLE (Line Drive, 7S)
Martin Davis to second
Batting: RHB Jeffrey Hicks 0-0: SINGLE (Groundball, 4D)
Martin Davis to third
Ben Barker to second
Runner from 3rd tries for Home, SAFE, no throw
Batting: RHB Ramiro Chávez 0-0: Ball
1-0: Ball
2-0: Ball
3-0: Base on Balls
Ben Barker to third
Jeffrey Hicks to second
Batting: RHB Luis Antonio Velásquez 0-0: Called Strike
0-1: Ground out 6-3 (Groundball, 6MS)
Top of the 5th over - 1 run(s), 3 hit(s), 0 error(s), 3 left on base; Chattanooga 7 - Portland 2
BOTTOM OF THE 5TH
Portland Privateers batting - Pitching for Chattanooga Chinpokomon : LHP Ed Stevens
Batting: LHB Pedro Padilla 0-0: Called Strike
0-1: Ball
1-1: Swinging Strike
1-2: Foul Ball, location: 2F
1-2: Ball
2-2: Foul Ball, location: 2F
2-2: Strikes out swinging
Batting: SHB Patrick Larson 0-0: Ball
1-0: Ball
2-0: SINGLE (Groundball, 4MD)
Batting: RHB Joe Bailey 0-0: Ball
1-0: Called Strike
1-1: Fly out, F9 (Line Drive, 9D)
Batting: LHB Carter Sweet 0-0: Ball
1-0: Called Strike
1-1: Ball
2-1: Foul Ball, location: 2F
2-2: Fly out, F7 (Flyball, 78S)
Bottom of the 5th over - 0 run(s), 1 hit(s), 0 error(s), 1 left on base; Chattanooga 7 - Portland 2
TOP OF THE 6TH
Chattanooga Chinpokomon batting - Pitching for Portland Privateers : RHP José García
Batting: RHB Irving Galloway 0-0: Ball
1-0: Ball
2-0: Fly out, F8 (Line Drive, 8LM)
Batting: RHB Luis Maldonado 0-0: Ball
1-0: Called Strike
1-1: SINGLE (Groundball, 56) (infield hit)
Batting: RHB Kyung-bok Cho 0-0: Grounds into double play, 6-4-3 (Groundball, 56)
Top of the 6th over - 0 run(s), 1 hit(s), 0 error(s), 0 left on base; Chattanooga 7 - Portland 2
BOTTOM OF THE 6TH
Portland Privateers batting - Pitching for Chattanooga Chinpokomon : LHP Ed Stevens
Batting: SHB Eric Pimentel 0-0: Ball
1-0: Ground out 3-1 (Groundball, 34)
Batting: RHB Carlos Castro 0-0: Ball
1-0: Called Strike
1-1: DOUBLE (Flyball, 78D)
Batting: RHB José Balina 0-0: Ground out 6-3 (Groundball, 6)
Batting: SHB Cory Campbell 0-0: SINGLE (Flyball, 9LS)
Carlos Castro to third
Runner from 3rd tries for Home, throw and OUT!
Bottom of the 6th over - 0 run(s), 2 hit(s), 0 error(s), 1 left on base; Chattanooga 7 - Portland 2
TOP OF THE 7TH
Chattanooga Chinpokomon batting - Pitching for Portland Privateers : RHP José García
Batting: RHB José Martínez 0-0: SINGLE (Line Drive, 8RS)
Batting: LHB Martin Davis 0-0: Called Strike
0-1: Foul Ball, location: 2F
0-2: Strikes out looking
Batting: RHB Ben Barker 0-0: SINGLE (Flyball, 78S)
José Martínez to second
Batting: RHB Jeffrey Hicks 0-0: Called Strike
0-1: Foul Ball, location: 2F
0-2: Ball
Passed Ball!
José Martínez to third
Ben Barker to second
1-2: Strikes out swinging
Pitching: RHP Carlos Molina
Batting: RHB Ramiro Chávez 0-0: Called Strike
0-1: Ball
1-1: Called Strike
1-2: Foul Ball, location: 2F
1-2: Foul Ball, location: 2F
1-2: Foul Ball, location: 2F
1-2: SINGLE (Line Drive, 4M)
José Martínez scores
Ben Barker to third
Batting: RHB Luis Antonio Velásquez 0-0: Ball
1-0: Called Strike
1-1: Fly out, F6 (Popup, 6M)
Top of the 7th over - 1 run(s), 3 hit(s), 0 error(s), 2 left on base; Chattanooga 8 - Portland 2
BOTTOM OF THE 7TH
Portland Privateers batting - Pitching for Chattanooga Chinpokomon : LHP Ed Stevens
Pitching: RHP Carlos Mendoza
Batting: LHB Domingo Ledesma 0-0: Swinging Strike
0-1: Swinging Strike
0-2: Strikes out swinging
Batting: LHB Pedro Padilla 0-0: Ball
1-0: Foul Ball, location: 2F
1-1: Ball
2-1: Ball
3-1: Base on Balls
Batting: SHB Patrick Larson 0-0: Ball
1-0: Called Strike
1-1: Foul Ball, location: 2F
1-2: Foul Ball, location: 2F
1-2: Grounds into double play, 6-4-3 (Groundball, 6)
Bottom of the 7th over - 0 run(s), 0 hit(s), 0 error(s), 0 left on base; Chattanooga 8 - Portland 2
TOP OF THE 8TH
Chattanooga Chinpokomon batting - Pitching for Portland Privateers : RHP Carlos Molina
Batting: RHB Irving Galloway 0-0: Ball
1-0: Called Strike
1-1: Fly out, F8 (Flyball, 8RM)
Batting: RHB Luis Maldonado 0-0: Called Strike
0-1: Ball
1-1: SOLO HOME RUN (Flyball, 7D), Distance : 365 ft
Batting: RHB Kyung-bok Cho 0-0: Ball
1-0: Ball
2-0: Foul Ball, location: 2F
2-1: Foul Ball, location: 2F
2-2: Ball
3-2: Foul Ball, location: 2F
3-2: Foul Ball, location: 2F
3-2: Foul Ball, location: 2F
3-2: Fly out, F8 (Flyball, 8LS)
Batting: RHB José Martínez 0-0: SINGLE (Flyball, 89S)
Batting: LHB Martin Davis 0-0: Hit by Pitch
José Martínez to second
Batting: RHB Ben Barker 0-0: Called Strike
0-1: Ball
1-1: Ball
2-1: Called Strike
2-2: SINGLE (Flyball, 8LS)
José Martínez to third
Martin Davis to second
Runner from 3rd tries for Home, SAFE, no throw
Batting: RHB Jeffrey Hicks 0-0: Called Strike
0-1: Ground out 1-3 (Groundball, 13S)
Top of the 8th over - 2 run(s), 3 hit(s), 0 error(s), 2 left on base; Chattanooga 10 - Portland 2
BOTTOM OF THE 8TH
Portland Privateers batting - Pitching for Chattanooga Chinpokomon : RHP Carlos Mendoza
Batting: RHB Joe Bailey 0-0: Ball
1-0: Ball
2-0: Called Strike
2-1: Foul Ball, location: 2F
2-2: SOLO HOME RUN (Flyball, 78D), Distance : 391 ft
Batting: LHB Carter Sweet 0-0: Called Strike
0-1: Fly out, F7 (Flyball, 78D)
Batting: SHB Eric Pimentel 0-0: Ball
1-0: Called Strike
1-1: Ball
2-1: Foul Ball, location: 2F
2-2: Ball
3-2: Foul Ball, location: 2F
3-2: Foul Ball, location: 2F
3-2: Ground out 6-3 (Groundball, 6D)
Batting: RHB Carlos Castro 0-0: Fly out, F7 (Line Drive, 7D)
Bottom of the 8th over - 1 run(s), 1 hit(s), 0 error(s), 0 left on base; Chattanooga 10 - Portland 3
TOP OF THE 9TH
Chattanooga Chinpokomon batting - Pitching for Portland Privateers : RHP Carlos Molina
Batting: RHB Ramiro Chávez 0-0: Ball
1-0: Ball
2-0: Ground out U3 (Groundball, 2R)
Batting: RHB Luis Antonio Velásquez 0-0: Foul Ball, location: 2F
0-1: Swinging Strike
0-2: Ground out 6-3 (Groundball, 6)
Batting: RHB Irving Galloway 0-0: Ball
1-0: Ball
2-0: Foul Ball, location: 2F
2-1: SINGLE (Line Drive, 89S)
Batting: RHB Luis Maldonado 0-0: Ball
1-0: Fly out, F8 (Line Drive, 8LS)
Top of the 9th over - 0 run(s), 1 hit(s), 0 error(s), 1 left on base; Chattanooga 10 - Portland 3
BOTTOM OF THE 9TH
Portland Privateers batting - Pitching for Chattanooga Chinpokomon : RHP Carlos Mendoza
Now at 1B: Yasutoki Kojima
Now at SS: Fernando Pérez
Batting: RHB José Balina 0-0: Ball
1-0: Fly out, F9 (Flyball, 9D)
Batting: SHB Cory Campbell 0-0: Called Strike
0-1: Ball
1-1: DOUBLE (Groundball, 3L)
Batting: LHB Domingo Ledesma 0-0: Called Strike
0-1: Ball
1-1: Foul Ball, location: 2F
1-2: Reaches on Catchers interference
Batting: LHB Pedro Padilla 0-0: Called Strike
0-1: Called Strike
0-2: Ball
1-2: Foul Ball, location: 2F
1-2: Ball
2-2: Strikes out looking
Batting: SHB Patrick Larson 0-0: SINGLE (Line Drive, 89S)
Cory Campbell to third
Domingo Ledesma to second
Batting: RHB Joe Bailey 0-0: Ball
1-0: Ball
2-0: Ball
3-0: Called Strike
3-1: Called Strike
3-2: Foul Ball, location: 2F
3-2: Base on Balls
Cory Campbell scores
Domingo Ledesma to third
Patrick Larson to second
Batting: LHB Carter Sweet 0-0: Called Strike
0-1: Ball
1-1: SINGLE (Groundball, 4MD)
Domingo Ledesma scores
Patrick Larson to third
Joe Bailey to second
Runner from 3rd tries for Home, SAFE, no throw
Pitching: LHP Bob Quested
Batting: SHB Eric Pimentel 0-0: Foul Ball, location: 2F
0-1: Ball
1-1: Fly out, F8 (Flyball, 8LD)
Bottom of the 9th over - 3 run(s), 3 hit(s), 1 error(s), 2 left on base; Chattanooga 10 - Portland 6
Tuesday, August 8th, 2017 - OOTP Baseball 17.12 Build 75